 Dungeon Crawl Stone Soup version 0.25-a0-317-g5f8687bca5 (webtiles) character file.

Game seed: 18218470003176619725, levelgen mode: deterministic

818 DerDa the Magician (level 7, -7/41 HPs)
             Began as an Octopode Fire Elementalist on Dec 27, 2019.
             Was a Believer of Sif Muna.
             Blown up by Pikel (28 damage)
             ... with a disintegration bolt
             ... on level 4 of the Dungeon.
             The game lasted 00:13:11 (4027 turns).

DerDa the Magician (Octopode Fire Elementalist)     Turns: 4027, Time: 00:13:12

Health: -7/41      AC:  1    Str:  8    XL:     7   Next: 94%
Magic:  22/24      EV: 14    Int: 19    God:    Sif Muna [**....]
Gold:   254        SH:  0    Dex: 16    Spells: 9/17 levels left

rFire    . . .     SeeInvis .   w - +1 dagger (venom)
rCold    + . .     Gourm    .   (no shield)
rNeg     . . .     Faith    .   (helmet restricted)
rPois    .         Spirit   .   (no amulet)
rElec    .         Reflect  .   m - +4 ring of dexterity
rCorr    .         Harm     .   s - ring of magical power
MR       .....                  y - ring of protection from cold (curse)
Stlth    +++.......             (no ring)
HPRegen  0.13/turn              (no ring)
MPRegen  0.19/turn              (no ring)
                                (no ring)
                                (no ring)

@: no status effects
A: almost no armour, stealthy swim, amphibious, 8 rings, constrict 8, camouflage
1, gelatinous body 1
a: Channel Magic, Renounce Religion


You were on level 4 of the Dungeon.
You worshipped Sif Muna.
Sif Muna was pleased with you.
You were not hungry.

You visited 1 branch of the dungeon, and saw 4 of its levels.

You collected 254 gold pieces.

Inventory:

Hand Weapons
 l - a +0 whip
 v - a +0 short sword
 w - a +1 dagger of venom (weapon)
 z - a +2 dagger of draining
Missiles
 e - 162 stones
 g - 8 poisoned darts (quivered)
 i - 69 bolts
Jewellery
 m - a +4 ring of dexterity (left tentacle)
 s - a ring of magical power (right tentacle)
 y - a cursed ring of protection from cold (on tentacle)
Wands
 p - a wand of disintegration (8)
Scrolls
 c - a scroll of blinking {unknown}
 h - a scroll of fear {unknown}
 j - 5 scrolls of remove curse {unknown}
 k - a scroll of amnesia {unknown}
 o - 2 scrolls of immolation {unknown}
 q - 2 scrolls of identify {unknown}
 x - a scroll of teleportation {unknown}
Potions
 a - a potion of cancellation {unknown}
 d - a potion of agility
 f - 3 potions of degeneration {unknown}
 n - a potion of brilliance {unknown}
 r - a potion of mutation {unknown}
 u - a potion of flight {unknown}
Comestibles
 b - 7 rations
 t - 7 chunks of flesh


   Skills:
 - Level 2.0 Dodging
 - Level 2.6 Stealth
 * Level 5.9 Spellcasting
 + Level 4.2 Conjurations
 + Level 5.1 Fire Magic


You had 9 spell levels left.
You knew the following spells:

 Your Spells              Type           Power        Failure   Level  Hunger
a - Foxfire               Conj/Fire      ###.         1%          1    None
b - Conjure Flame         Conj/Fire      ###.....     4%          3    ##.....
c - Sticky Flame          Conj/Fire      ###.....     16%         4    ####...

Your spell library contained the following spells:

 Spells                   Type           Power        Failure   Level  Hunger
 Inner Flame              Hex/Fire       ###.....     12%         3    ##.....
 Fireball                 Conj/Fire      ###.......   41%         5    #####..


Dungeon Overview and Level Annotations

Branches:
Dungeon (4/15)
 Temple: D:4-7

Altars:
Gozag
Makhleb
Nemelex Xobeh
Sif Muna
Wu Jian
Zin

Annotations:
D:4 3 runed translucent doors, Pikel


Innate Abilities, Weirdness & Mutations

You cannot wear most types of armour.
You are very stealthy in the water. (Stealth+)
You are amphibious.
You can wear up to eight rings at the same time.
You can use your tentacles to constrict eight enemies at once.
Your skin changes colour to match your surroundings (Stealth+).
Your rubbery body absorbs attacks. (AC +1, EV +1)


Message History

You eat one of the 6 chunks of flesh.
This raw flesh tastes terrible.
The orc is too close now for your liking.
Casting: Sticky Flame (slightly dangerous; 16% risk of failure)
Confirm with . or Enter, or press ? or * to list all spells.
You conjure some foxfire!
The orc shouts!
You hear an angry hiss.
You hear a shout! x2
The foxfire hits the orc!
You kill the orc!
Sif Muna accepts your kill.
You see here a quokka skeleton.
Things that are here:
a +2 dagger of draining; an orc corpse You butcher the orc corpse.
Things that are here:
a +2 dagger of draining; 2 chunks of flesh; an orc skeleton
z - a +2 dagger of draining;
t - 7 chunks of flesh (gained 2) Unknown command.
Pikel zaps a wand.
You are blasted!
Ouch! That really hurt!
You die...

### ### #......# ##
####... ..# #.##?.# ## ...
..# #.....####.# .. ..#
#####.....)...#S. ..#
##.....#.#####.#p ..#
##..#####.## ... ..###..##
#>.# .#.K.
..)...########.####.#.....
..............รทรท@.K.#
####
..##############.##...#
### #.# ##### ##.###....
##########......#
o.....o...).#####
o......####.# ....... #(#
...)... #.#


You could see Pikel.

Vanquished Creatures
  An orc warrior (D:2)
  A slave (D:4)
  A bullfrog (D:3)
  A gnoll shaman (D:4)
  A hound (D:3)
  3 orc priests
  A centaur skeleton (D:4)
  An iguana (D:4)
  Natasha (D:4)
  6 orc wizards (D:3)
  A worker ant (D:4)
  7 gnolls (D:4)
  9 adders
  4 worms
  5 leopard geckos
  12 orcs
  5 giant cockroaches
  7 goblins
  3 hobgoblins (D:3)
  2 jackals (D:3)
  2 quokkas (D:4)
  7 bats
  7 frilled lizards
  8 kobolds
  A quokka skeleton (D:4)
  10 rats
107 creatures vanquished.

Vanquished Creatures (others)
  230 foxfires
230 creatures vanquished.

Grand Total: 337 creatures vanquished

Notes
Turn   | Place    | Note
-------+----------+-------------------------------------------
     0 | D:1      | DerDa the Octopode Fire Elementalist began the quest for
                  | the Orb.
     0 | D:1      | Reached XP level 1. HP: 11/11 MP: 3/3
   286 | D:1      | Reached XP level 2. HP: 16/17 MP: 1/5
   965 | D:2      | Reached XP level 3. HP: 20/21 MP: 1/7
  1339 | D:2      | Found a glowing silver altar of Zin.
  1339 | D:2      | Found an opulent altar of Gozag.
  1469 | D:3      | Reached XP level 4. HP: 10/27 MP: 0/8
  1695 | D:3      | Reached XP level 5. HP: 29/31 MP: 1/10
  1945 | D:3      | Found a shimmering blue altar of Sif Muna.
  1947 | D:3      | Found a sparkling altar of Nemelex Xobeh.
  1968 | D:3      | Found an ornate altar of the Wu Jian Council.
  1968 | D:3      | Found a burning altar of Makhleb.
  1974 | D:3      | Became a worshipper of Sif Muna the Loreminder
  2109 | D:3      | Noticed an orc warrior
  2135 | D:3      | Learned a level 3 spell: Conjure Flame
  2140 | D:3      | Learned a level 4 spell: Sticky Flame
  2247 | D:3      | Reached XP level 6. HP: 6/36 MP: 2/12
  2556 | D:2      | Killed an orc warrior
  3155 | D:3      | Reached * piety under Sif Muna
  3158 | D:3      | Reached skill level 5 in Spellcasting
  3158 | D:3      | Reached XP level 7. HP: 29/41 MP: 5/14
  3685 | D:4      | Found a runed translucent gate.
  3685 | D:4      | Found a runed translucent gate.
  3685 | D:4      | Found a runed translucent gate.
  3844 | D:4      | Reached skill level 5 in Fire Magic
  3950 | D:4      | Noticed Pikel
  3962 | D:4      | Noticed Natasha
  3973 | D:4      | Killed Natasha
  4023 | D:4      | Reached ** piety under Sif Muna
  4027 | D:4      | Blown up by Pikel

Levels and vault maps discovered:
D:1:      saegor_arrival_under_anarchy, layout_loops_cross
D:2:      layout_loops_ring, grunt_temple_overflow_gold_and_silver
D:3:      minmay_razor_zed, layout_loops_ring, grunt_temple_overflow_open,
          first_ration, grunt_ministairs_4
D:4:      layout_rooms, nicolae_overflow_hidden_temple, gammafunk_ghost_icy,
          minmay_crystal_room, uniq_natasha, uniq_pikel

Skill      XL: |  1  2  3  4  5  6  7 |
---------------+----------------------+-----
Spellcasting   | 3 4 5 |  5.9
Conjurations   | 2 3 4 |  4.2
Fire Magic     | 4 5 |  5.1
Dodging        | |  2.0
Stealth        | |  2.6

Action                   |  1- 3 |  4- 6 |  7- 9 || total
-------------------------+-------+-------+-------++-------
Melee: Unarmed           |     3 |       |       ||     3
       Whip              |    12 |    42 |     5 ||    59
       Constrict         |     5 |    15 |    10 ||    30
       Tentacles         |     3 |     3 |     5 ||    11
       Dagger            |       |       |    20 ||    20
 Cast: Foxfire           |    38 |    57 |    47 ||   142
       Sticky Flame      |       |     6 |     7 ||    13
  Use: Potion            |     2 |     1 |       ||     3
 Stab: Sleeping          |       |       |     4 ||     4
  Eat: Chunk             |     1 |     7 |     4 ||    12
Armor: Skin              |     2 |     3 |     1 ||     6
Dodge: Dodged            |    24 |    36 |    14 ||    74

Table legend:
 A = Non-vault XP
 B = Vault XP
 C = Vault XP percentage of total XP
 D = Non-vault monster count
 E = Vault monster count
 F = Vault count percentage of total count
                 A         B        C        D         E       F
            +---------+---------+-------+---------+---------+-------
      Total |     978 |     191 |  16.3 |      85 |      21 |  19.8
            +---------+---------+-------+---------+---------+-------
        D:1 |      14 |       0 |   0.0 |      11 |       0 |   0.0
        D:2 |     172 |       0 |   0.0 |      15 |       0 |   0.0
        D:3 |     485 |     156 |  24.3 |      41 |      20 |  32.8
        D:4 |     307 |      35 |  10.2 |      18 |       1 |   5.3
            +---------+---------+-------+---------+---------+-------
